 Dungeon Crawl Stone Soup version 0.29.1-2-gbd0b4ee654 (webtiles) character file.

Game seed: 2974287097741079799

3 Arctor the Magician (level 1, 0/10 HPs)
             Began as a Deep Elf Hedge Wizard on Nov 4, 2022.
             Slain by a jackal (2 damage)
             ... on level 1 of the Dungeon.
             The game lasted 00:00:08 (90 turns).

Arctor the Magician (Deep Elf Hedge Wizard)           Turns: 90, Time: 00:00:09

Health: 0/10       AC:  2    Str:  7    XL:     1   Next: 41%
Magic:  0/7        EV: 12    Int: 18    God:
Gold:   32         SH:  0    Dex: 14    Spells: 7/8 levels left

rFire   . . .      SeeInvis .   a - +0 dagger
rCold   . . .      Faith    .   (no shield)
rNeg    . . .      Spirit   .   b - +0 robe
rPois   .          Reflect  .   c - +0 hat
rElec   .          Harm     .   (no cloak)
rCorr   .          Rampage  .   (no gloves)
Will    .....                   (no boots)
Stlth   ++........              (no amulet)
HPRegen 0.03/turn               (no ring)
MPRegen 0.10/turn               (no ring)

@: no status effects
A: no striking features
a: no special abilities


You were on level 1 of the Dungeon.
You visited 1 branch of the dungeon, and saw 1 of its levels.

You collected 32 gold pieces.

Inventory:

Hand Weapons
 a - a +0 dagger (weapon)
Armour
 b - a +0 robe (worn)
 c - a +0 hat (worn)
Jewellery
 e - a ring of flight
Potions
 d - a potion of magic


   Skills:
 + Level 2.4 Dodging
 + Level 2.5 Stealth
 + Level 4.4 Spellcasting
 + Level 1.1 Conjurations
 + Level 1.2 Summonings
 + Level 1.1 Translocations


You had 7 spell levels left.
You knew the following spells:

 Your Spells              Type           Power      Damage    Failure   Level
a - Magic Dart            Conj           32%        1d4       9%          1

Your spell library contained the following spells:

 Spells                   Type           Power      Damage    Failure   Level
 Blink                    Tloc           16%        N/A       13%         2
 Call Imp                 Summ           8%         N/A       13%         2
 Slow                     Hex            12%        N/A       14%         1
 Conjure Flame            Conj/Fire      6%         6-21      32%         3
 Mephitic Cloud           Conj/Pois/Air  5%         N/A       34%         3


Dungeon Overview and Level Annotations

Branches:
Dungeon (1/15)

Altars:


Message History

You barely miss the jackal.
The jackal is heavily wounded.
The jackal bites you. x2
* * * LOW HITPOINT WARNING * * *
You closely miss the jackal.
The jackal is heavily wounded.
The jackal barely misses you. x2
You hit the jackal.
The jackal is severely wounded.
The jackal bites you.
* * * LOW HITPOINT WARNING * * *
The jackal closely misses you. The jackal barely misses you.
The jackal closely misses you.
You closely miss the jackal.
The jackal is severely wounded.
The jackal barely misses you. The jackal closely misses you.
You closely miss the jackal.
The jackal is severely wounded.
The jackal barely misses you. x2; The jackal closely misses you. x2
You hit the jackal.
You kill the jackal!
The jackal closely misses you. The jackal attacks as you move away!
The jackal bites you but does no damage.
You see here a jackal corpse.
You hit the jackal. Your punch misses the jackal.
The jackal is moderately wounded.
The jackal barely misses you. x2
You closely miss the jackal.
The jackal is moderately wounded.
The jackal barely misses you.
Casting: Magic Dart (safe; 9% risk of failure)
Confirm with . or Enter, or press ? or * to list all spells.
Aiming: Magic Dart (safe; 9% risk of failure)
Press: ? - help, Shift-Dir - straight line, f - jackal
Aim: a jackal (moderately wounded, 100% to hit)
The magic dart hits the jackal.
The jackal is almost dead.
The jackal barely misses you. The jackal bites you.
You die...

#...# #........# ##.##
#.##.....# ##..#
#.##.....##
####...#####.........####
+.......................+
####..#.#########....####
#.###.# #..#.## ##.#.##
####.##### ##.##
#@.......# #.# #h##.###.#
#.# #.##.# #.# #.##.# #.#
#.##.. #.# #.#### #.# #.#
#.# #.# #..


You could see a jackal.

Vanquished Creatures
  2 jackals (D:1)
  A bat (D:1)
3 creatures vanquished.

Notes
Turn   | Place    | Note
-------+----------+-------------------------------------------
     0 | D:1      | Arctor the Deep Elf Hedge Wizard began the quest for the
                  | Orb.
     0 | D:1      | Reached XP level 1. HP: 10/10 MP: 7/7
    90 | D:1      | Slain by a jackal

Illustrated notes

Levels and vault maps discovered:
D:1:      eino_arrival_druids_welcome, layout_loops_corners

Action                   || total
-------------------------++-------
Melee: Dagger            ||     9
 Cast: Magic Dart        ||     8
Armor: Robe              ||     3
Dodge: Dodged            ||    23
